 Dungeon Crawl Stone Soup version 0.24-a0-408-gcc1054c7ca (webtiles) character file.

Game seed: 3873087618965384253

228 Lanoc the Firebug (level 5, 0/35 HPs)
             Began as a Demonspawn Fire Elementalist on June 5, 2019.
             Slain by an orc
             ... wielding a +0 hand axe of distortion
              (5 damage)
             ... on level 4 of the Dungeon.
             The game lasted 00:08:56 (3927 turns).

Lanoc the Firebug (Demonspawn Fire Elementalist)    Turns: 3927, Time: 00:08:57

Health: 0/35       AC:  4    Str:  9    XL:     5   Next: 71%
Magic:  4/9        EV: 12    Int: 17    God:
Gold:   127        SH:  0    Dex: 13    Spells: 1/9 levels left

rFire    . . .     SeeInvis +   (no weapon)
rCold    . . .     Gourm    .   (no shield)
rNeg     . . .     Faith    .   a - +0 robe
rPois    .         Spirit   .   (no helmet)
rElec    .         Reflect  .   (no cloak)
rCorr    .         Harm     .   (no gloves)
MR       .....                  (no boots)
Stlth    ++........             (no amulet)
HPRegen  0.11/turn              d - ring of see invisible
MPRegen  0.11/turn              (no ring)

@: drained
A: talons 1, molten scales 1, spiny 1
a: no special abilities


You were on level 4 of the Dungeon.
You were not hungry.

You visited 1 branch of the dungeon, and saw 4 of its levels.

You collected 215 gold pieces.
You spent 88 gold pieces at shops.

Inventory:

Armour
 a - a +0 robe (worn)
Jewellery
 d - a ring of see invisible (left hand)
Scrolls
 b - 2 scrolls of identify
 e - 2 scrolls of teleportation
 f - 4 scrolls of remove curse
 g - a scroll of immolation
 h - 2 scrolls of blinking
 i - 2 scrolls of amnesia
 j - a scroll of magic mapping
 k - a scroll of fear {unknown}
Potions
 l - a potion of brilliance {unknown}
Comestibles
 c - 5 rations
 m - 5 chunks of flesh


   Skills:
 + Level 2.7(1.8) Dodging
 - Level 1.7(0.8) Stealth
 + Level 2.7(1.8) Spellcasting
 * Level 3.3(2.4) Conjurations
 * Level 4.0(3.0) Fire Magic


You had one spell level left.
You knew the following spells:

 Your Spells              Type           Power        Failure   Level  Hunger
a - Flame Tongue          Conj/Fire      ##...        6%          1    #......
b - Conjure Flame         Conj/Fire      ##......     19%         3    ###....
c - Sticky Flame          Conj/Fire      ##......     54%         4    #####..

Your spell library contained the following spells:

 Spells                   Type           Power        Failure   Level  Hunger
 Throw Flame              Conj/Fire      ##....       10%         2    ###....
 Inner Flame              Hex/Fire       #.......     30%         3    ###....
 Fireball                 Conj/Fire      ##........   87%         5    ######.


Dungeon Overview and Level Annotations

Branches:
Dungeon (4/15)
 Temple: D:4-7

Altars:
Gozag
Nemelex Xobeh
Okawaru
Ru

Shops:
D:4 ?*[[


Innate Abilities, Weirdness & Mutations

You have sharp toenails.
You are partially covered in molten scales. (AC +2)
You are partially covered in sharp spines.


Message History

You don't know that spell.
Casting: Flame Tongue (safe; 6% risk of failure)
Confirm with . or Enter, or press ? or * to list all spells.
You can't see any susceptible monsters within range! (Use Z to cast anyway.)
Casting: Flame Tongue (safe; 6% risk of failure)
Confirm with . or Enter, or press ? or * to list all spells.
You don't know that spell.
The orc shouts!
The orc hits you with a +0 hand axe of distortion.
* * * LOW HITPOINT WARNING * * *
Space bends around you.
* * * LOW HITPOINT WARNING * * *
Casting: Flame Tongue (safe; 6% risk of failure)
Confirm with . or Enter, or press ? or * to list all spells.
Aiming: Flame Tongue (safe; 6% risk of failure)
Press: ? - help, Shift-Dir - straight line, f - orc
Aim: an orc, wielding a +0 hand axe of distortion The flame tongue misses the orc.
The orc is struck by your spines.
The orc hits you with a +0 hand axe of distortion.
You die...

.....................#.##..⌠.⌠..#
......##......##.#####.###8.8.8.#
......###....###.# #.# #.#....#
.......###..###..#####.# #.#...##
####....######.........# #.#..∩#
#####....# #.....###### #.#####
.........# #..........# #.#
#####...######.o..####o# #.#
#####..###..###.@.# #.# #.#
......###....###..####.###.#
......##......##....##o#<#.#
......!...........#.##.#.#.#####
...........#####..#.##.#.......#
.........#.÷......#.##o###o###.#
........÷(.######.#.##.# #o# #.#
........#..# .....#.##.# #.# #.#
........#..# # ...#.##.###.# #.#


You could see an orc.

Vanquished Creatures
  2 orc priests (D:4)
  8 adders
  2 oozes (D:1)
  A worm (D:2)
  3 dart slugs
  A leopard gecko (D:3)
  8 orcs
  5 bats
  2 giant cockroaches (D:2)
  8 goblins
  8 hobgoblins
  2 jackals (D:3)
  5 kobolds
  4 quokkas (D:3)
  5 frilled lizards
  A leopard gecko skeleton (D:4)
  14 rats
79 creatures vanquished.

Notes
Turn   | Place    | Note
-------+----------+-------------------------------------------
     0 | D:1      | Lanoc the Demonspawn Fire Elementalist began the quest for
                  | the Orb.
     0 | D:1      | Reached XP level 1. HP: 13/13 MP: 3/3
   464 | D:1      | Gained mutation: You have sharp toenails. [demonic
                  | ancestry]
   464 | D:1      | Reached XP level 2. HP: 12/19 MP: 0/5
   523 | D:1      | Reached skill level 3 in Fire Magic
   805 | D:1      | Gained mutation: You are partially covered in sharp spines.
                  | [demonic ancestry]
   805 | D:1      | Reached XP level 3. HP: 8/24 MP: 0/6
  1516 | D:1      | Learned a level 3 spell: Conjure Flame
  1642 | D:2      | Gained mutation: You are partially covered in molten
                  | scales. (AC +2) [demonic ancestry]
  1642 | D:2      | Reached XP level 4. HP: 28/30 MP: 1/7
  1908 | D:2      | Found a sparkling altar of Nemelex Xobeh.
  1909 | D:2      | Found an opulent altar of Gozag.
  2013 | D:2      | Found a sacrificial altar of Ru.
  2627 | D:3      | Found an iron altar of Okawaru.
  2642 | D:3      | Reached XP level 5. HP: 33/35 MP: 5/8
  3099 | D:4      | Found Wasokham's Antique Armour Shop.
  3102 | D:4      | Found Munuer Zaci's Armour Emporium.
  3207 | D:3      | Learned a level 4 spell: Sticky Flame
  3535 | D:4      | Found Ruveh's General Store.
  3541 | D:4      | Bought a scroll of identify for 28 gold pieces
  3541 | D:4      | Bought a scroll of magic mapping for 49 gold pieces
  3795 | D:4      | Found June's Magic Scroll Emporium.
  3803 | D:4      | Bought a scroll of noise for 11 gold pieces
  3912 | D:4      | Reached skill level 4 in Fire Magic
  3927 | D:4      | Slain by an orc

Levels and vault maps discovered:
D:1:      lemuel_arrival_muddy, layout_loops_ring, hangedman_feature_mirror
D:2:      layout_basic, grunt_temple_overflow_opulence, tgw_xom,
          nicolae_ru_the_path_less_chosen
D:3:      layout_loops_cross, okawaru_trees_2, serial_forest,
          infiniplex_forest_clump_small, infiniplex_forest_3_way,
          infiniplex_forest_straight_3, infiniplex_forest_lined_4_way,
          infiniplex_forest_clump_small, infiniplex_forest_lined_1,
          infiniplex_forest_clump_large
D:4:      layout_basic, serial_shops, shop,
          nicolae_shop_temple_entry_statues_fountains, shop, shop, minivault_19

Skill      XL: |  1  2  3  4  5 |
---------------+----------------+-----
Fire Magic     | 3 4 |  4.0
Dodging        | 2 |  2.7
Conjurations   | 2 3 |  3.3
Stealth        | |  1.7
Spellcasting   | |  2.7

Action                   |  1- 3 |  4- 6 || total
-------------------------+-------+-------++-------
Melee: Unarmed           |    22 |    29 ||    51
       Kick              |     4 |     7 ||    11
 Cast: Flame Tongue      |    62 |    59 ||   121
  Use: Potion            |     1 |     2 ||     3
       Scroll            |     1 |     5 ||     6
  Eat: Chunk             |     3 |     5 ||     8
       Ration            |       |     1 ||     1
Armor: Robe              |     2 |     4 ||     6
Dodge: Dodged            |    25 |    37 ||    62

Table legend:
 A = Non-vault XP
 B = Vault XP
 C = Vault XP percentage of total XP
 D = Non-vault monster count
 E = Vault monster count
 F = Vault count percentage of total count
                 A         B        C        D         E       F
            +---------+---------+-------+---------+---------+-------
      Total |     325 |       2 |   0.6 |      77 |       2 |   2.5
            +---------+---------+-------+---------+---------+-------
        D:1 |      68 |       2 |   2.9 |      28 |       2 |   6.7
        D:2 |      85 |       0 |   0.0 |      20 |       0 |   0.0
        D:3 |      58 |       0 |   0.0 |      22 |       0 |   0.0
        D:4 |     114 |       0 |   0.0 |       7 |       0 |   0.0
            +---------+---------+-------+---------+---------+-------
